 Dungeon Crawl Stone Soup version 0.31.0-11-ge490571c62 (webtiles) character file.

Game seed: 8484974103331610772

4 Rassilon the Sneak (level 1, 0/9 HPs)
             Began as a Spriggan Enchanter on Feb 10, 2024.
             Slain by a gnoll
             ... wielding a +0 flail
              (9 damage)
             ... on level 1 of the Dungeon.
             The game lasted 00:00:56 (314 turns).

Rassilon the Sneak (Spriggan Enchanter)              Turns: 314, Time: 00:00:57

Health: 0/9        AC:  2    Str:  4    XL:     1   Next: 58%
Magic:  5/5        EV: 17    Int: 16    God:
Gold:   19         SH:  0    Dex: 15    Spells: 5/5 levels left

rFire   . . .        a - +1 dagger
rCold   . . .        (no shield)
rNeg    . . .        b - +0 robe
rPois   .            (helmet restricted)
rElec   .            (no cloak)
rCorr   .            (gloves unavailable)
SInv    +            (boots unavailable)
Will    .....        (no amulet)
Stlth   +++          (no ring)
HPRegen 0.21/turn    (no ring)
MPRegen 0.09/turn

%: no passive effects
@: very quick
A: very small, no large weapons, unfitting armour, see invisible, speed 3
a: no special abilities


You were on level 1 of the Dungeon.
You visited 1 branch of the dungeon, and saw 1 of its levels.

You collected 19 gold pieces.

Inventory:

Hand Weapons
 a - a +1 dagger (weapon)
Armour
 b - a +0 robe (worn)
Jewellery
 g - a +6 ring of strength
Scrolls
 d - a scroll of torment {unknown}
 f - a scroll of enchant armour {unknown}
Potions
 c - 2 potions of invisibility
 e - a potion of heal wounds {unknown}


   Skills:
 * Level 1.5 Short Blades
 - Level 2.6 Dodging
 + Level 4.5 Stealth
 + Level 2.8 Spellcasting
 - Level 3.6 Hexes


You had 5 spell levels left.
You didn't know any spells.
Your spell library contained the following spells:

 Spells                   Type           Power      Damage    Failure   Level
 Confusing Touch          Hex            13%        N/A       13%         3
 Tukima's Dance           Hex            13%        N/A       13%         3
 Ensorcelled Hibernation  Hex/Ice        16%        N/A       14%         2
 Dazzling Flash           Conj/Hex       16%        N/A       26%         3
 Scorch                   Fire           4%         2d5       28%         2
 Flame Wave               Conj/Fire      2%         2d4       88%         4
 Summon Cactus Giant      Summ           1%         N/A       100%        6


Dungeon Overview and Level Annotations

Branches:
Dungeon (1/15)

Altars:


Innate Abilities, Weirdness & Mutations

You are very small and have problems with some larger weapons.
You are too small for most types of armour.
You have supernaturally acute eyesight. (SInv)
You cover ground extremely quickly. (Speed+++)


Message History

Found a scroll labelled ABBU SAEWIX.
The helpless hobgoblin fails to defend itself.
You puncture the hobgoblin!
You kill the hobgoblin!
f - a scroll labelled ABBU SAEWIX You open the door.
There is an open door here.
You open the door.
There is an open door here.
You now have 19 gold pieces (gained 7).
g - a +6 ring of strength You open the door.
There is an open door here.
You open the door.
An endoplasm comes into view.
Found a book of Scorching.
There is an open door here.
The helpless endoplasm fails to defend itself.
You impale the endoplasm!!
You kill the endoplasm!
You pick up a book of Scorching and begin reading...
You add the spells Scorch, Flame Wave and Summon Cactus Giant to your library.
As you open the door, it creaks loudly!
There is an open door here.
There is an open door here.
There is an open door here.
There is an open door here.
You open the door.
A bat and a gnoll come into view.
Found a stone staircase leading down.
A goblin comes into view. It is wielding a +0 club.
There is an open door here.
The goblin shouts!
The bat completely misses you.
The gnoll shouts!
The gnoll closely misses you.
You barely miss the bat. The bat misses you.
The gnoll hits you with a +0 flail!
Ouch! That really hurt!
You die...

########## #........#
#........# #.g......#
#........# #.g......#
#..@.b...#
##############..........
.............'.....>..#.
##############......♣♣♣
##### #.....♣♣ #...#
#....♣♣ #...# #+###♣
#...# #...#


You could see a gnoll, a goblin and a bat.

Vanquished Creatures
  An endoplasm (D:1)
  2 hobgoblins (D:1)
  A frilled lizard (D:1)
4 creatures vanquished.

Notes
Turn   | Place    | Note
-------+----------+-------------------------------------------
     0 | D:1      | Rassilon the Spriggan Enchanter began the quest for the
                  | Orb.
     0 | D:1      | Reached XP level 1. HP: 9/9 MP: 5/5
   314 | D:1      | Slain by a gnoll

Illustrated notes

Levels and vault maps discovered:
D:1:      minmay_arrival_open_corners, layout_basic,
          shapermc_ecumenical_altar_totnotflames

Action                     || total
---------------------------++-------
  Melee: Dagger            ||     5
   Stab: Sleeping          ||     4
 Armour: Robe              ||     1
  Dodge: Dodged            ||     3
